[Event "4NCL Div 2 2024-25"]
[Site "England"]
[Date "2025.02.15"]
[Round "5.22"]
[White "Jaufarally, Nadia"]
[Black "Longson, Sarah N"]
[Result "0-1"]
[Annotator "TA"]
[ECO "C50"]
[WhiteElo "1929"]
[BlackElo "1929"]
[PlyCount "152"]
[EventDate "2024.11.23"]
[EventType "team-tourn"]
[EventCountry "ENG"]
[SourceTitle "playchess.com"]
[Source "ChessBase"]
[SourceQuality "1"]
[TimeControl "40/6000+30:3000+30"]

1. e4 e5 2. Nf3 Nc6 3. Bc4 Nf6 4. d3 Bc5 5. O-O d6 6. a4 a5 {[%emt 0:03:05] C50: Hungarian Defence and Giuoco Pianissimo.} 7. c3 {[%emt 0:06:06] 7.Be3 is more advanced technology.} Ba7 8. h3 h6 {[%emt 0:01:18] The position is equal.} 9. Re1 g5 10. d4 (10. Be3 $14 {is superior.}) 10... g4 $146 ({Predecessor:} 10... Qe7 11. Bb5 Bd7 12. d5 Nb8 13. Bf1 g4 14. hxg4 Nxg4 15. Re2 Na6 16. Na3 Nc5 {1-0 Nunez V,G (2226)-Makaraci,T (2233) Titled Tuesday intern op 03rd Sep Late blitz 2024 (8)}) 11. hxg4 Nxg4 12. Na3 exd4 13. cxd4 Nce5 14. Be2 (14. Bf4 $16) 14... Nxf3+ $1 15. Bxf3 Qh4 16. Bxg4 Bxg4 17. Qd3 {[%emt 0:00:52] And now Nb5 would win. A sharp opening} O-O-O (17... Rg8 $11 18. Nb5 Bb6) 18. Bd2 ({White should play} 18. Nb5 $16 Bb6 19. Qc3) 18... Rhg8 19. Re3 {[%emt 0:03:12] [#]} (19. Nb5 $11 Bb6 20. b4) 19... Bd7 ({Better is} 19... Rg5 $1 20. Nb5 Rh5 21. Nxa7+ Kb8) 20. Rc1 $17 {[%emt 0:03:26] [#]} Bc6 (20... Bxa4 $6 21. Qc3 Bc6 22. d5 Bxe3 23. Qxe3 $11) (20... Rg5 $1 $17 21. Nb5 Rh5 (21... Bxb5 22. axb5 Rdg8 23. Rg3 $15) 22. Nxa7+ Kb8) 21. Nb5 $11 Bb6 22. Nc3 {[%emt 0:01:46] [#]} (22. Nxc7 $1 $11 {remains equal.} Kxc7 (22... Bxc7 $2 23. d5 $18) 23. d5) 22... f5 $1 {[%emt 0:00:59] Black is much more active.} 23. Rh3 (23. Nd5 Bxd5) 23... fxe4 $40 {[%emt 0:03:35][%mdl 128] Black wants a kill.} 24. Rxh4 exd3 {[%emt 0:00:03][%csl Od3] Black has a strong passed pawn} 25. g3 h5 26. d5 (26. Be3 $17) 26... Bd7 (26... Rxg3+ 27. Kh1 Rf3 (27... Bxf2 28. dxc6 bxc6 29. Ne4 $11) 28. dxc6 $11) (26... Rdf8 $19 27. Bf4 (27. dxc6 $2 Rxf2 28. Bh6 d2 $19) 27... Be8) 27. Kg2 $17 Rdf8 28. f3 Rf5 29. Ne4 (29. Rd1 $17) 29... Kd8 30. Rc3 Bxa4 31. Rxd3 (31. Nf6 Rxf6 32. Rxa4) 31... Be8 32. Bc3 (32. Rf4 $17 Rgf8 33. Rc3) 32... Bb5 $19 33. Rd2 Kc8 34. Nf6 (34. Bd4 $17 Bxd4 (34... Rxd5 35. Bxb6 Rxd2+ 36. Nxd2 $11) 35. Rxd4) 34... Rgg5 $2 (34... Rg6 $19 35. Nxh5 Rg8) 35. Ne4 (35. f4 $11 Rg6 36. Nxh5) 35... Rg6 $17 36. Rh2 $2 {[%emt 0:01:00] Loses the game.} (36. Bd4 $17) 36... Bc4 {[%emt 0:00:17] This pair of bishops is nice.} 37. Rh4 Bxd5 (37... Rxd5 38. Rxd5 Bxd5 39. Nf6 $14) 38. Re2 Bxe4 39. Rhxe4 Rf8 40. Ra4 Rfg8 41. Be1 Kd7 {[%emt 0:23:58] Repels Re7+} 42. Kh3 Rg5 43. g4 hxg4+ 44. fxg4 Rh8+ 45. Kg3 Rb5 46. Bc3 Rg8 47. Bf6 Bc5 48. Rf4 (48. g5 $142) 48... d5 $19 49. Kh4 Bd6 50. Rd4 Re8 51. Rdd2 Bf4 52. Rc2 (52. Rxe8 {only move.} Kxe8 (52... Bxd2 53. Re7+ Kd6 54. Re2 $17) 53. Rf2) 52... Re4 (52... Be3 $142 {and ...d4 should not be overlooked} 53. Rh2 d4) 53. Rg2 $2 (53. Rxe4 dxe4 54. g5) 53... Rb6 54. Bg5 d4 55. Bxf4 Rxf4 {[%emt 0:00:02][%mdl 4096] Endgame KRR-KRR. Black is two pawns up.} 56. Kg5 (56. Rc5 $142) 56... Rf3 57. Rc5 Rd6 58. Rxa5 d3 59. Rd2 Re3 60. Ra3 (60. Kf4 $142 Re2 61. Rd1) 60... c5 61. Kf4 Rh3 62. Rc3 $2 (62. g5 {was worth a try.} Rd4+ 63. Ke5) 62... Rd4+ 63. Kf5 Rf3+ 64. Kg5 c4 65. b3 b5 66. bxc4 bxc4 67. Kh5 Rh3+ 68. Kg5 Rg3 {[%emt 0:00:08][%cal Od7e6] ( -> ...Ke6!)} 69. Kf5 Rgxg4 {[%emt 0:00:51] ( -> ...Rgf4+)} 70. Ke5 Rge4+ 71. Kf5 Kd6 (71... Rf4+ $142 72. Kg5 Ke6) 72. Ra3 Re5+ 73. Kf6 Rf4+ 74. Kg6 Re2 75. Rd1 Rg2+ 76. Kh5 Rf8 {[%emt 0:00:21] Weighted Error Value: White=0.45/Black=0.37  Loses game:     	White=1     	---        Missed win:     	---       	Black=1      Mistake:       	White=17    	Black=6      Inaccurate:     	White=2     	Black=6      OK:         	White=17    	Black=21     Best:        	White=1     	Black=2      Strong:       	---       	Black=1} 0-1

[Event "4NCL Div 2 2024-25"]
[Site "England"]
[Date "2025.02.15"]
[Round "5.23"]
[White "Ackley, Peter J E"]
[Black "Wills, Tom"]
[Result "1/2-1/2"]
[Annotator "TA"]
[ECO "A11"]
[WhiteElo "1981"]
[BlackElo "1976"]
[PlyCount "60"]
[EventDate "2024.11.23"]
[EventType "team-tourn"]
[EventCountry "ENG"]
[SourceTitle "playchess.com"]
[Source "ChessBase"]
[SourceQuality "1"]
[TimeControl "40/6000+30:3000+30"]

1. c4 c6 2. Nf3 d5 3. e3 Nf6 4. Nc3 e6 5. b3 Bd6 6. Qc2 {[%emt 0:01:25] A11: English Opening: 1...c6.} e5 7. cxd5 cxd5 8. Nb5 {[%emt 0:01:13] The position is equal.} Nc6 9. Nxd6+ Qxd6 10. Bb5 O-O 11. Bxc6 bxc6 12. Bb2 Re8 $146 ({Predecessor:} 12... e4 13. Ne5 Bb7 14. Rc1 Rfe8 15. f4 exf3 16. Nxf3 Nd7 17. O-O f6 18. Nd4 Ne5 {1-0 Isajevsky,A (2403)-Hakobyan,A (2608) Titled Tuesday intern op 23rd May Early blitz 2023 (2)}) 13. Rc1 Bb7 14. Qc5 Qc7 15. O-O Rac8 16. d4 Ba6 17. Rfe1 (17. dxe5 Ne4 18. Qd4 Bxf1 19. Rxf1 Red8 $17) 17... Nd7 ({Black should try} 17... e4 $1 $11 18. Ne5 Re6) 18. Qa3 $14 {[%emt 0:01:10] White is more active.} e4 19. Ne5 {[%emt 0:03:24][%csl Oc6] White attacks a weakness} (19. Qxa6 $14 exf3 20. gxf3) 19... Bb7 20. b4 (20. Qxa7 Nb8 (20... Ra8 21. Rxc6 Qxc6 22. Nxc6 $16) 21. Ba3 f6 $17) 20... a6 21. f3 exf3 22. gxf3 Nb6 23. Qa5 {[%emt 0:03:43] [#]} (23. Qc3 $11 {keeps the balance.}) 23... Re6 (23... f6 $1 $17 24. Nd3 Nc4 25. Qxc7 Rxc7) 24. Rc2 Qd8 25. Rg2 Rxe5 $2 26. dxe5 $18 Qh4 (26... g6 $142 27. Bc3 Nc4) 27. Ree2 (27. Bc3 $142 Nc4 28. Qc5) 27... Nc4 {[%emt 0:00:13] [#]} 28. Qc5 {[%emt 0:00:22] Rg4 is the strong threat.} Nxb2 29. Qb6 (29. Rg4 $1 $18 {[%cal Rg4h4] is the precise move to win.} Qh6 30. Rxb2) 29... Ba8 $16 {[%emt 0:03:59] ...Nc4 is the strong threat.} 30. Rg4 (30. Rxb2 $2 Qe1#) (30. Qxa6 $1 $16 {and life is bright.} Re8 31. Rxb2 Qe1+ 32. Qf1 Qxf1+ 33. Kxf1) 30... Nc4 {[%emt 0:01:09] Weighted Error Value: White=0.39/Black=0.29 (precise)   Loses game:     	---       	Black=1      Mistake:       	White=5     	Black=3      Inaccurate:     	White=2     	---        OK:         	White=11    	Black=11     Best:        	White=1     	Black=2} 1/2-1/2

[Event "4NCL Div 2 2024-25"]
[Site "England"]
[Date "2025.02.15"]
[Round "5.24"]
[White "Rich, Ben S"]
[Black "Sanada, Tetsuaki"]
[Result "1/2-1/2"]
[Annotator "TA"]
[ECO "A00"]
[WhiteElo "1875"]
[BlackElo "1991"]
[PlyCount "160"]
[EventDate "2024.11.23"]
[EventType "team-tourn"]
[EventCountry "ENG"]
[SourceTitle "playchess.com"]
[Source "ChessBase"]
[SourceQuality "1"]
[TimeControl "40/6000+30:3000+30"]

1. a3 d5 2. c4 c6 3. d3 (3. e3 g6 4. Nc3 Nf6 5. Nf3 Bg7 6. b3 O-O 7. Bb2 b6 8. Rc1 Bb7 9. Qc2 Nbd7 {0-1 Rich,B (1875)-Sanada,T (1961) Huddersfield 4NCL op 32nd 2025 (3)}) ({Predecessor:} 3. e3 Nf6 4. Nf3 Bf5 5. b4 e6 6. Bb2 h6 7. cxd5 exd5 8. Be2 Nbd7 9. O-O Bd6 {1-0 Nihal,S (2694)-Bardyk,A (2206) Titled Tuesday intern op 03rd Oct Late blitz 2023 (10)}) 3... g6 4. Qc2 Bg7 5. e3 Nf6 6. Nf3 {[%emt 0:00:14] A00: Irregular Openings.} O-O 7. Bd2 Re8 8. Bc3 {[%emt 0:00:33] Black has an edge.} dxc4 9. dxc4 Bf5 {[%emt 0:01:23] Repels Bd3} 10. Qc1 Nbd7 11. Be2 Nc5 12. Nbd2 {[%emt 0:05:14] Against Nb3} Bd3 13. b4 ({White should play} 13. Qd1) 13... Bxe2 $17 14. bxc5 {[%emt 0:01:30] [#]} Bd3 (14... Bxf3 $1 $17 15. gxf3 Qd3) 15. Qb2 b6 16. Rd1 Qc7 (16... Qd7 $17) 17. Ne5 (17. Qb3 $11 {keeps the balance.} Bf5 (17... bxc5 $2 18. Bxf6 Bxf6 19. Qxd3 $18) 18. Qb2) 17... Bf5 18. cxb6 axb6 19. O-O Red8 {[%emt 0:10:35][%cal Od8d2] Black has strong rooks and is better} 20. h3 c5 21. Nef3 Bd3 22. Rfe1 Qa7 23. Ra1 Qa6 (23... Qa4 $1 $15) 24. Ne5 Ne4 25. Nxe4 Bxe4 {[%emt 0:00:03] This pair of bishops is nice.} 26. f3 Bb7 27. Ng4 (27. Nxg6 $11 Bxc3 (27... hxg6 28. Bxg7 f6 29. Bh6 $16) 28. Nxe7+ Kf8 29. Qxc3 Kxe7 30. Qe5+ Kf8 31. Qh8+ Ke7 32. Qe5+) 27... f6 $15 28. Rec1 Rd3 (28... Qxc4 $2 29. Bxf6 (29. Qxb6 Qa6 $16) 29... Qf7 30. Bxg7 Qxg7 31. Qxb6 $18) 29. e4 Rad8 ({Don't play} 29... Qxc4 30. Bxf6 $14 (30. Qxb6 Rxc3 31. Rxc3 Qxc3 $19)) 30. Nf2 (30. a4 {looks sharper.} Rxc3 31. Qxc3 f5 32. Ne5) 30... R3d6 31. Qb5 Qxb5 32. cxb5 Bh6 33. Rd1 Be3 34. Rxd6 Rxd6 35. Kf1 Bxf2 36. Kxf2 $11 {[%emt 0:00:05][%mdl 4096] Endgame KRB-KRB} Bc8 37. Ke2 Be6 38. a4 Bc4+ 39. Ke1 Kf7 40. Rc1 Bd3 41. Rd1 Ke6 42. Kf2 Bc2 43. Rxd6+ Kxd6 $15 {[%emt 0:00:00] KB-KB} 44. e5+ fxe5 45. a5 bxa5 46. Bxa5 e4 47. Ke3 exf3 48. gxf3 Ba4 49. b6 {[%emt 0:00:00] Black must now prevent b7.} Bc6 50. f4 Bd5 51. h4 Kc6 52. b7 Kxb7 53. Bd8 e6 54. Bf6 Kc6 55. Be5 Kb5 56. Kd3 Bg2 57. Kc3 Kc6 58. Kd2 Kd5 59. Ke3 Be4 60. Bf6 Bf5 61. Be5 c4 62. Bf6 Kc6 63. Bc3 Kc5 64. Ba5 Kb5 65. Be1 Ka4 66. Kd4 Kb3 67. Ba5 Bd3 68. Be1 Kc2 69. Ba5 Bf1 70. Bb4 Kd1 71. Ke3 Bg2 72. Ba5 Kc2 73. Kd4 Bd5 74. Bb4 Kb3 75. Be1 Bb7 76. Bd2 Ba6 77. Be1 Ka4 78. Kc5 Kb3 {[%emt 0:00:14] ...c3 is the strong threat.} 79. Kd4 Ka4 80. Kc5 $1 {[%emt 0:00:05] [#]} Kb3 {[%emt 0:00:11] Weighted Error Value: White=0.14 (very precise) /Black=0.10 (very precise)   Mistake:       	White=3     	Black=4      Inaccurate:     	White=9     	Black=2      OK:         	White=34    	Black=30     Best:        	White=2     	Black=2      Strong:       	White=1     	---} (80... Ka3 $1 $17 81. Kb6 Kb2 (81... Bc8 82. Kc5 $17) 82. Kxa6 c3) 1/2-1/2

[Event "4NCL Div 2 2024-25"]
[Site "England"]
[Date "2025.02.15"]
[Round "5.25"]
[White "Southcott-Moyers, Indy"]
[Black "Fava, Lorenzo"]
[Result "1/2-1/2"]
[Annotator "ChessBase"]
[ECO "D30"]
[WhiteElo "2174"]
[BlackElo "2269"]
[PlyCount "42"]
[EventDate "2024.11.23"]
[EventType "team-tourn"]
[EventCountry "ENG"]
[SourceTitle "playchess.com"]
[Source "ChessBase"]
[SourceQuality "1"]
[TimeControl "40/6000+30:3000+30"]

1. d4 d5 2. c4 c6 3. Nf3 Nf6 4. e3 e6 5. Nbd2 Nbd7 6. b3 Bd6 7. Bb2 O-O 8. Bd3 b6 9. O-O Bb7 10. e4 dxe4 11. Nxe4 Nxe4 12. Bxe4 f5 13. Bc2 Qc7 14. Qe2 Rae8 15. Ne5 c5 16. Rfe1 Nxe5 17. dxe5 Be7 18. Rad1 Rd8 19. Rxd8 Rxd8 20. Rd1 Rxd1+ 21. Qxd1 Qd8 1/2-1/2

[Event "4NCL Div 2 2024-25"]
[Site "England"]
[Date "2025.02.15"]
[Round "5.26"]
[White "Dunn, Maxim"]
[Black "Rees, Ioan"]
[Result "0-1"]
[Annotator "ChessBase"]
[ECO "D11"]
[WhiteElo "1934"]
[BlackElo "2251"]
[PlyCount "82"]
[EventDate "2024.11.23"]
[EventType "team-tourn"]
[EventCountry "ENG"]
[SourceTitle "playchess.com"]
[Source "ChessBase"]
[SourceQuality "1"]
[TimeControl "40/6000+30:3000+30"]

1. Nf3 d5 2. d4 Nf6 3. c4 c6 4. g3 dxc4 5. Bg2 g6 6. O-O Bg7 7. Na3 b5 8. Ne5 Nd5 9. b3 cxb3 10. axb3 O-O 11. Bb2 Qb6 12. Rc1 Bb7 13. e3 a5 14. h4 a4 15. h5 Qd8 16. hxg6 hxg6 17. Nb1 Qd6 18. Nd2 a3 19. Ba1 Nf6 20. Qc2 Na6 21. Nd3 Nb4 22. Nxb4 Qxb4 23. Nf3 Nd7 24. Rfd1 e6 25. Ne1 Rfc8 26. Nd3 Qe7 27. Qc3 Ra7 28. Nc5 Nxc5 29. Qxc5 Qxc5 30. Rxc5 Bf8 31. Rc2 Ba8 32. Rdc1 Ra6 33. Bf1 Rb6 34. Bh3 Rc7 35. Bg2 Bd6 36. d5 exd5 37. Bd4 c5 38. Bxc5 Bxc5 39. Rxc5 Rxc5 40. Rxc5 Rc6 41. Rxb5 Ra6 0-1

[Event "4NCL Div 2 2024-25"]
[Site "England"]
[Date "2025.02.15"]
[Round "5.27"]
[White "Blackburn, Jonathan L B"]
[Black "Cole, James"]
[Result "1-0"]
[Annotator "TA"]
[ECO "D85"]
[WhiteElo "2197"]
[BlackElo "1974"]
[PlyCount "117"]
[EventDate "2024.11.23"]
[EventType "team-tourn"]
[EventCountry "ENG"]
[SourceTitle "playchess.com"]
[Source "ChessBase"]
[SourceQuality "1"]
[TimeControl "40/6000+30:3000+30"]

1. d4 Nf6 2. c4 g6 3. Nc3 d5 4. cxd5 Nxd5 5. e4 Nxc3 6. bxc3 Bg7 7. Qa4+ Bd7 8. Qa3 {[%emt 0:00:14] D85: Exchange Grünfeld: Unusual White 7th moves and lines with 7 Nf3.} O-O 9. Bg5 Re8 10. Nf3 {[%emt 0:07:18] White is slightly better.} b6 11. Rd1 $146 ({Predecessor:} 11. Be2 c5 12. O-O cxd4 13. cxd4 Bc6 14. Qe3 Nd7 15. Rac1 Bb7 16. Rfd1 Rc8 17. Bb5 {0-1 Cramling Bellon,A (2035)-Schut,L (2259) Titled Tuesday intern op 09th Mar blitz 2021 (2)}) 11... Bg4 12. Be2 Qd6 13. Qb3 c5 14. e5 Qc7 15. h3 Bd7 16. O-O Nc6 17. Qa3 e6 18. Qc1 (18. dxc5 Nxe5 19. Nxe5 Bxe5 $11) (18. Nh2 $14 {was preferable.}) 18... Ne7 $11 19. dxc5 bxc5 20. c4 Bc6 21. Bf6 Nf5 22. g4 Bxf3 23. Bxf3 Nd4 24. Rxd4 cxd4 {[%emt 0:00:17] NOTEXT-51077 Black (d4)} 25. c5 $2 (25. Bxg7 $15 Kxg7 26. Bxa8 Rxa8 27. Qf4) 25... Rac8 $19 26. c6 h6 27. Re1 g5 (27... Bxf6 $19 {and Black stays clearly on top.} 28. exf6 Qd8 29. Qxh6 Qxf6) 28. h4 $17 Bxf6 29. exf6 Qf4 (29... gxh4 30. Qxh6) 30. Qxf4 gxf4 $15 {[%emt 0:00:03][%mdl 4096] Endgame KRR-KRB} 31. g5 ({White should play} 31. Kf1) 31... hxg5 ({Black should try} 31... d3 $17 {aiming for ...Red8.} 32. Be4 Red8 33. gxh6 f3 (33... Kh8 34. f3 $15) 34. Bxf3 Rd4 (34... Kh7 35. Be4+ Kxh6 36. f3 $17)) 32. Re5 $1 Kh8 33. Kf1 Rg8 (33... d3 $11 34. Rxg5 (34. hxg5 Red8 $17) 34... Red8 35. Rh5+ Kg8 36. Rg5+ Kh7 (36... Kf8 $2 37. h5 $18) 37. Be4+ Kh6) 34. Ke2 {[%emt 0:00:27] White is more active.} (34. hxg5 $16 d3 35. Ke1) 34... Kh7 (34... gxh4 35. Rh5#) (34... d3+ $11 35. Kxd3 (35. Kd2 Rgd8 $11) 35... Rgd8+ (35... gxh4 36. Rh5#) 36. Ke2 gxh4) 35. hxg5 $16 (35. Rxg5 Rxg5 36. hxg5 Kg6 $19) 35... Rgd8 (35... d3+ $16 36. Kxd3 Rgd8+ 37. Kc3 Rd6) 36. Kd3 Rd6 $2 (36... Kg8 37. Rc5 Rd6) 37. Rc5 $18 Rc7 38. a4 Kg8 39. a5 Kf8 40. Rc1 Kg8 41. Be4 Rd8 (41... f3 {was worth a try.} 42. Bxf3 Rc8) 42. Rb1 Rdc8 43. Rc1 (43. Kxd4 Rxc6 44. Bxc6 Rxc6 $16) 43... Rd8 44. f3 Rd6 45. Rc5 a6 $2 (45... Rc8 46. Rc1 (46. c7 Rd7 $17) 46... Rc7) 46. Rc1 e5 47. Rc5 Re6 (47... Rc8 $142 48. Rxe5 Rdxc6) 48. Bd5 Rd6 {[%emt 0:01:02] [#]} 49. Ke4 $1 d3 50. Rc1 d2 51. Rd1 Rdxc6 52. Bxc6 Rxc6 53. Rxd2 {[%emt 0:00:06][%cal Oe4f5] [#] Kf5! is the strong threat. KR-KR} ({Less strong is} 53. Kxe5 Kh7 $11) 53... Rc3 54. Rd6 (54. Kf5 $142 Rc7 55. g6 (55. Kxe5 Rc4 $18) 55... fxg6+ 56. Kxg6 (56. Kxe5 Kf7 $11)) 54... Re3+ 55. Kf5 {[%emt 0:00:03] White mates.} Rxf3 56. Rd8+ Kh7 57. Rf8 ({Weaker is} 57. Kxe5 Rc3 58. Kxf4 Rc5 $11) 57... Rg3 58. Rxf7+ Kg8 59. g6 {[%emt 0:00:32] Quite a comeback for White.   Weighted Error Value: White=0.45/Black=0.65  Loses game:     	White=1     	---        Mistake:       	White=3     	Black=9      Inaccurate:     	---       	Black=2      OK:         	White=12    	Black=12     Best:        	White=4     	Black=1      Strong:       	White=1     	---} 1-0

[Event "4NCL Div 2 2024-25"]
[Site "England"]
[Date "2025.02.15"]
[Round "5.28"]
[White "Hughes, Roy"]
[Black "Jones, Steven A"]
[Result "0-1"]
[Annotator "TA"]
[ECO "A48"]
[WhiteElo "2008"]
[BlackElo "2175"]
[PlyCount "106"]
[EventDate "2024.11.23"]
[EventType "team-tourn"]
[EventCountry "ENG"]
[SourceTitle "playchess.com"]
[Source "ChessBase"]
[SourceQuality "1"]
[TimeControl "40/6000+30:3000+30"]

1. d4 Nf6 2. Nf3 g6 3. Bf4 Bg7 4. e3 O-O 5. Be2 d6 6. O-O c5 7. c3 {[%emt 0:00:30] A48: 1 d4 Nf6 2 Nf3 g6: Torre, London and Colle Systems.} b6 8. a4 a6 9. h3 {[%emt 0:08:11] The position is equal.} Bb7 10. Nfd2 Nc6 $146 ({Predecessor:} 10... Nbd7 11. Bf3 Qc7 12. Bxb7 Qxb7 13. Na3 Rfc8 14. Qb3 Rab8 15. Ndc4 b5 16. axb5 axb5 17. Nxd6 exd6 18. Bxd6 {0-1 Mueller,T-Mai,P (2195) Hermannen op 1997 (4)}) 11. Bf3 cxd4 12. exd4 d5 13. Na3 Rc8 14. Nc2 Qd7 15. Ne1 Qf5 16. Bh2 (16. Be3 $11 {should be considered.}) 16... a5 (16... e5 $15) 17. Be2 $11 e5 18. dxe5 Nxe5 19. Ndf3 Nc4 20. Nd4 Qd7 21. Qc2 Ne4 22. Nef3 Rfe8 23. Rfd1 Qe7 24. Bf1 Bh6 25. Rab1 $2 {[%emt 0:04:37] [#]} (25. Re1 $11) 25... Nxf2 $1 $19 26. Re1 {[%emt 0:02:38] [#]} (26. Qxf2 Be3 27. Bg3 Bxf2+ $19) 26... Ne4 $1 27. Bxc4 dxc4 28. Nb5 (28. Re2 $142) 28... Qc5+ 29. Nfd4 (29. Nbd4 {is a better defense.}) 29... Bc6 $2 {[%emt 0:02:46] A strong pair of Bishops.} ({Black should play} 29... Nd2 $19 {( -> ...Qg5)} 30. Nd6 Qd5 31. Nxb7 Nxb1 (31... Qxb7 32. Rbd1 $17) 32. Rxb1 Be3+ (32... Qxb7 $2 33. Bg3 $19) 33. Kh1 Qxb7) 30. Na7 $11 {[%emt 0:01:40] [#]} f5 $1 31. Nxc8 (31. Rbd1 Bb7) 31... Rxc8 32. Rbd1 {[%emt 0:00:43] White is weak on the light squares} Re8 {[%emt 0:04:16][%mdl 1024] Black has compensation.} 33. Re2 Bb7 34. Rf1 Bg7 35. Rd1 g5 36. Ree1 (36. Bg3 $1 $11) 36... Rd8 (36... f4 $17) 37. Qe2 Bxd4+ (37... f4 {seems wilder.} 38. Kf1 Bxd4 39. Rxd4 Rxd4 40. cxd4 Qd5) 38. cxd4 Rxd4 39. Rxd4 Qxd4+ 40. Qe3 Qxb2 (40... Qxe3+ {simplifies} 41. Rxe3 f4 42. Re1 Kf7) 41. Bc7 c3 42. Bxb6 c2 (42... f4 $5 43. Qd4 Nd6 $11) 43. Bd4 Qa2 44. Ra1 Qc4 {[%emt 0:00:00] Strongly threatening ...f4.} 45. Bb2 $1 Bc6 46. Kh2 Qc5 (46... Bxa4 $2 {perishes.} 47. Qa7 $18) (46... Qb4 $1 $15 47. Be5 Qd2 (47... Bxa4 48. Qa7 $16) 48. Qb3+ Qd5 49. Qb8+ Kf7) 47. Qb3+ Bd5 48. Qb8+ Kf7 {[%emt 0:00:00] Active counter play!} 49. Qh8 Qf2 $2 (49... Qd6+ $11 50. Kg1 (50. Be5 Qf8 $11) 50... Nf6 51. Bxf6 Qxf6 52. Qxh7+ Kf8) 50. Qxh7+ $2 (50. Qg7+ $18 Ke8 51. Qe5+ (51. Qxh7 Nd6 $15) 51... Kd7 52. Qxd5+ Ke8 53. Qb5+ (53. Qxa5 Qf4+ 54. Kg1 Qf2+ 55. Kh1 g4 $18) 53... Kd8 54. Qd3+ (54. Qxa5+ Kd7 $18) 54... Ke8 55. Rf1) 50... Ke6 (50... Ke8 $11 {keeps the balance.}) 51. Qg6+ (51. Qg8+ $16 Kd6 52. Qd8+ Kc5 53. Qxa5+ Kc6 54. Qa8+ Kc5 55. Qa7+ Kd6 56. Qxf2 Nxf2 57. Ba3+ Ke5 58. Re1+ Be4 59. Re2) 51... Kd7 52. Be5 {[%emt 0:01:46] Repels Qg3+} Nf6 {[%emt 0:02:09][%csl Gd5][%cal Rf2g2] Successful Defense Black Some like it hot} 53. Qxg5 {[%emt 0:01:20][%mdl 8192] [#]} (53. Bxf6 $2 Qxg2#) (53. Qg7+ $11 Ke8 54. Qg6+ (54. Qxf6 $2 Qxg2#) 54... Kd7 55. Qg7+) 53... Ng4+ $1 {[%emt 0:00:09][%mdl 512] What a bad dream for White.   Weighted Error Value: White=0.41/Black=0.32  Loses game:     	White=2     	Black=1      Missed win:     	White=1     	Black=1      Mistake:       	White=4     	Black=4      Inaccurate:     	White=3     	Black=2      OK:         	White=14    	Black=10     Best:        	White=2     	Black=1      Strong:       	White=1     	Black=1      Brilliant:      	---       	Black=2} 0-1

[Event "4NCL Div 2 2024-25"]
[Site "England"]
[Date "2025.02.15"]
[Round "5.29"]
[White "Saunders, Aron"]
[Black "Moore, Gerald"]
[Result "1-0"]
[Annotator "TA"]
[ECO "B30"]
[WhiteElo "2106"]
[BlackElo "2033"]
[PlyCount "63"]
[EventDate "2024.11.23"]
[EventType "team-tourn"]
[EventCountry "ENG"]
[SourceTitle "playchess.com"]
[Source "ChessBase"]
[SourceQuality "1"]
[TimeControl "40/6000+30:3000+30"]

1. e4 c5 2. Nf3 Nc6 3. Bb5 Nf6 4. Nc3 g6 5. e5 Ng4 6. Qe2 {[%emt 0:00:19] B30: Sicilian: 2...Nc6 3 Bb5, lines without ...g6.} Bg7 7. Bxc6 dxc6 8. O-O {[%emt 0:01:20] White has an edge.} O-O 9. h3 Nh6 10. Ne4 b6 11. c3 a5 $146 ({Predecessor:} 11... Qd5 12. d3 Nf5 13. Re1 Ba6 14. c4 Qd7 15. a4 Rad8 16. Ra3 Bc8 17. a5 h6 {1-0 Offenborn,H (2327)-Zlatariu,M (2369) Victor Costin Memorial email 2008}) 12. Rd1 Ba6 13. d3 Qd7 14. Bf4 f5 (14... Rad8 $11) 15. Neg5 $16 {[%emt 0:04:23] and e6 should not be overlooked} e6 16. Qc2 Rfe8 (16... Nf7 $14) 17. c4 $1 Nf7 {[%emt 0:03:44] [#]} 18. d4 $1 Nxg5 19. Bxg5 Qc7 20. dxc5 bxc5 {[%emt 0:00:02] Black is weak on the dark squares} 21. Qc3 h6 22. Be3 (22. Bf6 $18) 22... Bf8 23. h4 $36 {[%emt 0:03:09][%mdl 2048] White is in control. White is more active.} Red8 24. a4 Rab8 25. b3 Rb7 {[%emt 0:02:40] [#]} (25... Kh7 $16 {was worth a try.} 26. Rac1 Be7) 26. Qc2 $1 $18 Qb8 27. Rxd8 Qxd8 28. Rd1 Rd7 29. Rxd7 Qxd7 30. Qd2 Qxd2 31. Bxd2 Kf7 32. Bxa5 {[%emt 0:00:13] Weighted Error Value: White=0.06 (flawless) /Black=0.24 (precise)   Mistake:       	White=1     	Black=3      Inaccurate:     	White=1     	Black=2      OK:         	White=10    	Black=10     Best:        	White=2     	Black=1      Strong:       	White=3     	---} 1-0